[Event "Early-Titled-Tuesday-Blitz-June-18-2024"]
[Site "Chess.com"]
[Date "2024.06.18"]
[Round "2"]
[White "Squirlolz"]
[Black "BestestBP"]
[Result "1-0"]
[WhiteElo "2505"]
[BlackElo "2260"]
[TimeControl "180+1"]
[EndTime "8:17:04 PDT"]
[Termination "Squirlolz won by resignation"]

1. Nf3 Nf6 2. g3 b6 3. Bg2 Bb7 4. O-O g6 5. b4 Bg7 6. Bb2 O-O 7.
a4 d6 8. a5 a6 9. axb6 cxb6 10.
c4 Nbd7 11. d4 Rc8 12. Qb3 Qc7 13. Nbd2 Ne4 14. Rfc1 Nxd2 15. Nxd2 Bxg2 16. Kxg2 Qb7+ 17. Qf3 Qxf3+ 18. Kxf3 e5 19. e3 Ra8 20. Ne4 exd4 21.
exd4 Rfd8 22. Nxd6 Nf8 23. c5 bxc5 24. bxc5 Ne6 25.
Ke4 Nxc5+ 26. dxc5 Bxb2 27. Kd5 Kf8 28. c6 Rac8 29. Re1 Bxa1 30. Rxa1 Ke7 31. Re1+ Kf6 32. Kc5 Rc7 33. Ne8+ Rxe8 34. Rxe8 a5 35. Kd6 Ra7 36. c7 Rxc7 37. Kxc7 a4 38. Kd6 a3 39. Kd5 a2 40.
Ra8 a1=Q 41. Rxa1 1-0

[Event "Early-Titled-Tuesday-Blitz-June-18-2024"]
[Site "Chess.com"]
[Date "2024.06.18"]
[Round "2"]
[White "GeorgiosSouleidis"]
[Black "Dreamer_01"]
[Result "1-0"]
[WhiteElo "2699"]
[BlackElo "2393"]
[TimeControl "180+1"]
[EndTime "8:17:06 PDT"]
[Termination "GeorgiosSouleidis won by resignation"]

1. e4 e6 2. d4 d5 3. Nc3 dxe4 4. Nxe4 Nf6 5. Nxf6+ gxf6 6. Nf3 Be7 7. g3 c5 8. Bg2 Nc6 9. Be3 cxd4 10. Nxd4 Nxd4 11. Qxd4 Qxd4 12. Bxd4 e5 13. Be3 O-O 14. O-O-O a5 15. Rd2 a4 16. a3 Ra5 17. Rhd1 Be6 18. Bxb7 Rb8 19. Bd5 Rab5 20. Bxe6 Rxb2 21. Rd8+ Bxd8 22. Rxd8+ Kg7 23. Rxb8 Rxb8 24. Bd7 Ra8 25. c4 Kf8 26. Bc5+ Kg7 27. Bb4 h5 28. c5 Ra7 29. c6 1-0

[Event "Early-Titled-Tuesday-Blitz-June-18-2024"]
[Site "Chess.com"]
[Date "2024.06.18"]
[Round "2"]
[White "Ranindu2003"]
[Black "David_ATM"]
[Result "1-0"]
[WhiteElo "2712"]
[BlackElo "2419"]
[TimeControl "180+1"]
[EndTime "8:17:07 PDT"]
[Termination "Ranindu2003 won by checkmate"]

1. Nf3 d5 2. e3 c6 3. c4 Nf6 4. Nc3 Bf5 5. cxd5 Nxd5 6. Nxd5 Qxd5 7. b3 Bd3 8. Bxd3 Qxd3 9. Bb2 Nd7 10. Qe2 Qxe2+ 11.
Kxe2 e6 12. Rac1 Bd6 13. g4 f6 14. h4 Kf7 15. g5 e5 16. d3 f5 17. h5 g6 18.
Rcd1 Bc7 19. Rh4 Rhg8 20. hxg6+ hxg6 21. d4 e4 22. Ne5+ Nxe5 23. dxe5 Ke6 24. Rh7 Rac8 25. Ba3 Rge8 26. Bd6 Bxd6 27. exd6 Rcd8 28. Rg7 Rg8 29. Re7# 1-0

[Event "Early-Titled-Tuesday-Blitz-June-18-2024"]
[Site "Chess.com"]
[Date "2024.06.18"]
[Round "2"]
[White "Matalon"]
[Black "Boudicca64"]
[Result "1-0"]
[WhiteElo "2440"]
[BlackElo "1834"]
[TimeControl "180+1"]
[EndTime "8:17:08 PDT"]
[Termination "Matalon won by checkmate"]

1. e4 g6 2. d4 Bg7 3. Nc3 c5 4. Nf3 Qa5 5. Be2 Nf6 6. O-O d6 7. Re1 O-O 8. dxc5 Qxc5 9. h3 a6 10. Be3 Qc7 11. Qd2 b5 12. Bh6 b4 13. Nd5 Nxd5 14.
exd5 Nd7 15. Bxg7 Kxg7 16. Qxb4 Rb8 17. Qd4+ Nf6 18. c4 Bf5 19. b3 Kg8 20. Bd3 Bxd3 21. Qxd3 a5 22. Qd4 a4 23. Re3 Rb4 24. Rae1 Re8 25.
Nd2 Kf8 26. g4 h6 27. h4 g5 28. hxg5 hxg5 29. Ne4 Nxe4 30. Qh8# 1-0

[Event "Early-Titled-Tuesday-Blitz-June-18-2024"]
[Site "Chess.com"]
[Date "2024.06.18"]
[Round "2"]
[White "LeninGuerra"]
[Black "Viktor_Poddubnyi"]
[Result "1-0"]
[WhiteElo "2533"]
[BlackElo "2310"]
[TimeControl "180+1"]
[EndTime "8:17:09 PDT"]
[Termination "LeninGuerra won on time"]

1. e4 g6 2. d4 Bg7 3. Nf3 d6 4. Be2 Nf6 5. Nc3 c6 6. O-O O-O 7. Be3 Nbd7 8. h3 e5 9. Qd2 Qe7 10. d5 cxd5 11. Nxd5 Nxd5 12. Qxd5 Nf6 13. Qd3 d5 14.
Bg5 dxe4 15. Qxe4 h6 16. Bxf6 Bxf6 17. c3 Bf5 18. Qa4 a6 19. Rfe1 b5 20. Qa5 Qb7 21.
Bf1 Be4 22. Nd2 Bc6 23. Nb3 Rfe8 24. Qb4 Qc7 25. Rad1 Rad8 26. Qa5 Qxa5 27. Nxa5 Bd5 28. a4 bxa4 29. Bxa6 e4 30. Bb5 Rf8 31. Bxa4 Ba8 32.
Bc6 Bxc6 33. Nxc6 Rc8 34. Nb4 Rb8 35. Rxe4 Rfc8 36. Rd7 Kf8 37. Nd5 1-0

[Event "Early-Titled-Tuesday-Blitz-June-18-2024"]
[Site "Chess.com"]
[Date "2024.06.18"]
[Round "2"]
[White "vladgoncharov"]
[Black "Prizant_academy"]
[Result "0-1"]
[WhiteElo "2649"]
[BlackElo "2985"]
[TimeControl "180+1"]
[EndTime "8:17:10 PDT"]
[Termination "Prizant_academy won by resignation"]

1. d4 d5 2. c4 e6 3. Nc3 c6 4. e3 Nf6 5. Nf3 Nbd7 6. Bd3 dxc4 7. Bxc4 b5 8. Bd3 Bb7 9. O-O a6 10. a4 b4 11. Nb1 c5 12. Qe2 cxd4 13. exd4 Be7 14.
Nbd2 O-O 15. a5 Nd5 16. Nc4 Qc7 17. Nfe5 Nxe5 18. Nxe5 Bf6 19. Bd2 g6 20. Rfc1 Qd6 21.
Rc5 Rfc8 22. Rac1 Rxc5 23. Rxc5 Rc8 24. Rxc8+ Bxc8 25. h3 Bb7 26. Be1 Nf4 27. Qe3 Nxg2 28. Nc4 Qd5 29. Qg3 Nxe1 0-1

[Event "Early-Titled-Tuesday-Blitz-June-18-2024"]
[Site "Chess.com"]
[Date "2024.06.18"]
[Round "2"]
[White "Cheer_Down"]
[Black "azikom"]
[Result "0-1"]
[WhiteElo "2416"]
[BlackElo "2707"]
[TimeControl "180+1"]
[EndTime "8:17:10 PDT"]
[Termination "azikom won by resignation"]

1. e4 c5 2. Nf3 e6 3. d4 cxd4 4. Nxd4 a6 5. c4 g6 6. Nc3 Bg7 7. Be3 Ne7 8. Qd2 O-O 9. Rd1 d5 10.
cxd5 exd5 11. h4 dxe4 12. Nxe4 Nbc6 13. h5 Nxd4 14. Bxd4 Bxd4 15. Qxd4 Qxd4 16. Rxd4 Nf5 17. Rd2 Re8 18. Re2 Kg7 19. h6+ Nxh6 20. Nf6 Rxe2+ 21. Bxe2 Kxf6 22. Rxh6 Kg7 23. Rh4 Be6 24. a3 Rc8 25.
Rb4 Bd5 26. g3 h5 27. Kd2 Bc6 28. Rd4 Re8 29. Bc4 Re4 30. Rxe4 Bxe4 31. Ke3 Bc6 32. f4 f6 33. Kd4 g5 34. fxg5 fxg5 35. Ke5 h4 36. gxh4 gxh4 37. Be6 Kg6 38. Kf4 Kf6 39. Bc8 Bg2 40. Kg4 h3 41. Kg3 Ke5 42. b4 Kd4 43.
a4 Kc4 44. b5 a5 45. b6 Kb4 46. Bd7 Kc5 0-1

[Event "Early-Titled-Tuesday-Blitz-June-18-2024"]
[Site "Chess.com"]
[Date "2024.06.18"]
[Round "2"]
[White "xasid81"]
[Black "Timurist"]
[Result "1-0"]
[WhiteElo "2616"]
[BlackElo "2387"]
[TimeControl "180+1"]
[EndTime "8:17:10 PDT"]
[Termination "xasid81 won by resignation"]

1. c4 c5 2. Nf3 b5 3. Nc3 a6 4. cxb5 axb5 5. Nxb5 Ba6 6. Nc3 d6 7. g3 g6 8. Bg2 Bg7 9. O-O Nc6 10. b3 Nf6 11.
Bb2 O-O 12. d3 Rb8 13. Nd2 Qc7 14. Nc4 Rfd8 15. Ne3 e6 16. Nc2 d5 17. Qc1 Nd7 18.
Na4 Rdc8 19. Bxg7 Kxg7 20. Ne3 Nd4 21. Re1 Qa5 22. Nc2 Nb5 23. h4 c4 24. bxc4 dxc4 25. Nb2 cxd3 26. Nxd3 Nd4 27. Qa3 Qxa3 28. Nxa3 Bxd3 29.
exd3 Rb2 30. Reb1 Rcb8 31. Rxb2 Rxb2 32. Nc4 Rc2 33. a4 Nc5 34. a5 Ndb3 35. Ra3 Nd4 36. a6 Nxd3 37. Rxd3 Rxc4 38. Rxd4 Rxd4 39. a7 Ra4 40. a8=Q Rxa8 41. Bxa8 Kf6 42. Bg2 Ke5 43. Kf1 Kd4 44. Ke2 e5 45. Bc6 h6 46. Be8 g5 47. hxg5 hxg5 48. Bxf7 Ke4 49. Bg6+ Kd4 50. Kf3 e4+ 51. Bxe4 g4+ 52. Kf4 1-0

[Event "Early-Titled-Tuesday-Blitz-June-18-2024"]
[Site "Chess.com"]
[Date "2024.06.18"]
[Round "2"]
[White "SpongeBob_03"]
[Black "topce"]
[Result "0-1"]
[WhiteElo "2254"]
[BlackElo "2501"]
[TimeControl "180+1"]
[EndTime "8:17:12 PDT"]
[Termination "topce won on time"]

1. d4 e6 2. c4 d5 3. Nc3 c6 4. e4 dxe4 5. Nxe4 Nf6 6. Nxf6+ Qxf6 7. Nf3 Bb4+ 8. Bd2 Bxd2+ 9. Qxd2 O-O 10. Bd3 Rd8 11.
O-O Nd7 12. Rad1 b6 13. Ne5 Bb7 14. f4 c5 15. dxc5 Nxc5 16. Qc2 Nxd3 17. Rxd3 Rxd3 18. Qxd3 Rd8 19. Qc3 Qf5 20. h3 f6 21. Nf3 Qxf4 22.
Re1 e5 23. Qb3 Bxf3 24. Qxf3 Qxf3 25. gxf3 Rd2 0-1

[Event "Early-Titled-Tuesday-Blitz-June-18-2024"]
[Site "Chess.com"]
[Date "2024.06.18"]
[Round "2"]
[White "VerdeNotte"]
[Black "Sic_Transit_GM"]
[Result "1-0"]
[WhiteElo "2845"]
[BlackElo "2590"]
[TimeControl "180+1"]
[EndTime "8:17:13 PDT"]
[Termination "VerdeNotte won by checkmate"]

1. Nf3 d5 2. g3 Bg4 3. Bg2 Nd7 4. h3 Bxf3 5. Bxf3 c6 6. O-O e6 7. d3 Ngf6 8. e4 dxe4 9. dxe4 Bc5 10. Nd2 e5 11. Nc4 Qc7 12. Be3 Be7 13. Qe2 O-O 14. a4 b5 15. Nd2 a6 16. h4 Rfd8 17. h5 h6 18. Bg2 Nf8 19. Bh3 Rab8 20. axb5 cxb5 21.
Nb3 Nxe4 22. Bxh6 Qc4 23. Qg4 Bf6 24. Rxa6 Ng5 25. Bxg5 Qxg4 26. Bxg4 Bxg5 27. Nc5 Rd2 28. Ne4 Rxc2 29. Nxg5 Rxb2 30. Ra7 b4 31. Nxf7 b3 32. h6 gxh6 33. Nxh6+ Kh8 34. Kg2 Rd2 35. Rh1 b2 36. Nf5+ Kg8 37. Rg7# 1-0

[Event "Early-Titled-Tuesday-Blitz-June-18-2024"]
[Site "Chess.com"]
[Date "2024.06.18"]
[Round "2"]
[White "Mysterio47"]
[Black "RebelJohnny"]
[Result "1-0"]
[WhiteElo "2836"]
[BlackElo "2581"]
[TimeControl "180+1"]
[EndTime "8:17:14 PDT"]
[Termination "Mysterio47 won by resignation"]

1. e4 c5 2. Nf3 d6 3. d4 cxd4 4. Nxd4 Nf6 5. Nc3 a6 6. a3 e5 7. Nf5 Bxf5 8. exf5 d5 9. Bg5 d4 10. Ne4 Nbd7 11. Bd3 Be7 12. Bxf6 Nxf6 13. O-O O-O 14. Qf3 Qb6 15. Rab1 Rac8 16. Rfe1 Nxe4 17. Qxe4 Bf6 18. g3 Rfe8 19. h4 Qc6 20. Kg2 Qxe4+ 21. Rxe4 Bd8 22. Rbe1 f6 23. Rxd4 Bb6 24. Rd7 Rc7 25. Rxc7 Bxc7 26. Be4 b6 27. Bb7 a5 28. Bd5+ Kf8 29. Kf3 Rd8 30.
Ke4 Ke7 31. g4 h6 32. Rd1 Bd6 33. Rd3 Bc5 34. f3 Bf2 35. Rb3 Rc8 36. c3 Rc5 37. h5 Rc7 38. Rb5 Kd6 39. Be6 Ke7 40. Rd5 Bc5 41.
b4 axb4 42. axb4 Bd6 43. Kd3 Ra7 44. Rb5 Bc7 45. Kc4 Ra3 46. Rd5 Bd6 47. Rd3 b5+ 48. Kxb5 Ra7 49. Kc4 Rc7+ 50. Kb3 Ra7 51. c4 Ra1 52. c5 Bb8 53. Rd7+ 1-0

[Event "Early-Titled-Tuesday-Blitz-June-18-2024"]
[Site "Chess.com"]
[Date "2024.06.18"]
[Round "2"]
[White "JosefineHeinemann"]
[Black "PeshkaCh"]
[Result "0-1"]
[WhiteElo "2499"]
[BlackElo "2869"]
[TimeControl "180+1"]
[EndTime "8:17:14 PDT"]
[Termination "PeshkaCh won by resignation"]

1. e4 e5 2. Nf3 Nc6 3. Bb5 a6 4. Ba4 Nge7 5. Nc3 Ng6 6. d4 exd4 7. Nxd4 Bc5 8. Nxc6 bxc6 9. O-O O-O 10. Bb3 d6 11.
Qh5 Kh8 12. Bg5 f6 13. Bd2 f5 14. exf5 Rxf5 15. Qe2 d5 16. Rae1 Bd7 17. Nd1 Qf6 18. c3 Rf8 19. Ne3 Nf4 20. Qxa6 Nh3+ 21. gxh3 Rg5+ 22.
Ng4 Bxg4 23. Bxg5 Bxf2+ 0-1

[Event "Early-Titled-Tuesday-Blitz-June-18-2024"]
[Site "Chess.com"]
[Date "2024.06.18"]
[Round "2"]
[White "Lennis93"]
[Black "AlphaPerseii"]
[Result "1-0"]
[WhiteElo "2620"]
[BlackElo "2392"]
[TimeControl "180+1"]
[EndTime "8:17:14 PDT"]
[Termination "Lennis93 won by resignation"]

1. h3 d5 2. c4 d4 3. e4 dxe3 4. fxe3 e5 5. Qf3 Nc6 6. a3 Bd6 7. Nc3 f5 8. d3 Nf6 9. Bd2 O-O 10. O-O-O Qe7 11. Qf2 Bxa3 12. Nf3 e4 13. Nd4 Nxd4 14. exd4 Bb4 15. Re1 Bd7 16. d5 Rae8 17. d4 c6 18.
dxc6 Bxc6 19. d5 Bd7 20. g3 Qd6 21. Kb1 Rc8 22. Rc1 Rfe8 23. Rh2 a6 24. Bf4 Qc5 25.
Be3 Qa5 26. Bd4 b5 27. Bxf6 gxf6 28. g4 bxc4 29. Qd4 Rb8 30. Bxc4 Rec8 31. d6+ Kg7 32. g5 Qe5 33. gxf6+ Kxf6 34. Nd5+ 1-0

[Event "Early-Titled-Tuesday-Blitz-June-18-2024"]
[Site "Chess.com"]
[Date "2024.06.18"]
[Round "2"]
[White "GatoRojo150"]
[Black "Lestofante90"]
[Result "0-1"]
[WhiteElo "2647"]
[BlackElo "2978"]
[TimeControl "180+1"]
[EndTime "8:17:15 PDT"]
[Termination "Lestofante90 won by resignation"]

1. e4 c6 2. d4 d5 3. Nc3 dxe4 4. Nxe4 Nf6 5. Nxf6+ exf6 6. c3 Bd6 7. Bd3 Na6 8.
Ne2 Nc7 9. O-O O-O 10. Qc2 g6 11. Bh6 Re8 12. Rae1 f5 13. Qd2 Be6 14. b3 a5 15. Nf4 a4 16. b4 Bxa2 17. Rxe8+ Nxe8 18. Re1 Bb3 19. g3 Nf6 20. Bg5 Ne4 21. Bxe4 Qxg5 22. Bb1 a3 23. Ba2 Bxf4 0-1

[Event "Early-Titled-Tuesday-Blitz-June-18-2024"]
[Site "Chess.com"]
[Date "2024.06.18"]
[Round "2"]
[White "chess94cu"]
[Black "AlexeiShirov"]
[Result "0-1"]
[WhiteElo "2617"]
[BlackElo "2882"]
[TimeControl "180+1"]
[EndTime "8:17:16 PDT"]
[Termination "AlexeiShirov won by resignation"]

1. d4 d5 2. c4 c6 3. Nf3 Nf6 4. Qc2 g6 5. Bf4 dxc4 6. Qxc4 Bg7 7. e3 O-O 8. Be2 Be6 9. Qc2 Bf5 10. Qb3 Qb6 11.
Nbd2 Nbd7 12. O-O c5 13. Rac1 Rac8 14. Qxb6 axb6 15. Nb3 Nd5 16. Bg3 Nb4 17. a3 Nd3 18. Bxd3 Bxd3 19. Rfd1 c4 20. Nbd2 b5 21. Nb1 Nb6 22.
Nc3 Na4 23. Rd2 Nxc3 24. Rxc3 Rfd8 25. h3 Be4 26. Rc1 f6 27. Ne1 e5 28. Nc2 f5 29.
Rcd1 f4 30. exf4 Bxc2 31. Rxc2 exd4 32. f3 d3 33. Rcd2 Bxb2 34. Rxb2 c3 35. Rbd2 cxd2 36. Rxd2 Rc2 37. Be1 Re8 38. Kf2 Rxd2+ 39. Bxd2 0-1

[Event "Early-Titled-Tuesday-Blitz-June-18-2024"]
[Site "Chess.com"]
[Date "2024.06.18"]
[Round "2"]
[White "scarabee43"]
[Black "hsd2016"]
[Result "1-0"]
[WhiteElo "2876"]
[BlackElo "2428"]
[TimeControl "180+1"]
[EndTime "8:17:16 PDT"]
[Termination "scarabee43 won by resignation"]

1. Nf3 Nf6 2. c4 c6 3. b3 d5 4.
Bb2 g6 5. g3 Bg7 6. Bg2 O-O 7.
O-O Nbd7 8. Nc3 Re8 9. d4 dxc4 10. bxc4 c5 11. d5 Nb6 12. Qb3 Bf5 13. a4 Rb8 14. Nd2 Bh6 15. f4 e5 16. e4 Bd7 17. a5 Nc8 18.
fxe5 Ng4 19. Nf3 Bg7 20. a6 b6 21. e6 fxe6 22. Rae1 e5 23. Nb5 Bxb5 24. cxb5 Nd6 25. Bh3 Nh6 26. Be6+ Kh8 27. Nxe5 Qg5 28. Nc6 Nxe4 29.
Rxe4 1-0

[Event "Early-Titled-Tuesday-Blitz-June-18-2024"]
[Site "Chess.com"]
[Date "2024.06.18"]
[Round "2"]
[White "KevinGeorgeMicheal"]
[Black "ChEsper99"]
[Result "1-0"]
[WhiteElo "2505"]
[BlackElo "2265"]
[TimeControl "180+1"]
[EndTime "8:17:17 PDT"]
[Termination "KevinGeorgeMicheal won by resignation"]

1. c4 c5 2. g3 g6 3. Bg2 Bg7 4. Nc3 Nf6 5. d3 Nc6 6. Qd2 d6 7. b3 O-O 8. Bb2 e5 9. e3 Be6 10. Nge2 d5 11. cxd5 Nxd5 12. O-O Qd7 13. f4 exf4 14. Nxd5 Bxd5 15. Bxd5 Qxd5 16. Nxf4 Qd6 17. Bxg7 Kxg7 18. Rac1 b6 19. Qc3+ Kg8 20. d4 Rac8 21. dxc5 bxc5 22. Rfd1 Qe5 23. Qxc5 Rfe8 24. Qxe5 Nxe5 25. Nd5 Red8 26. Ne7+ 1-0

[Event "Early-Titled-Tuesday-Blitz-June-18-2024"]
[Site "Chess.com"]
[Date "2024.06.18"]
[Round "2"]
[White "Gnechko_Ruslan"]
[Black "DmitryMaximov"]
[Result "0-1"]
[WhiteElo "2547"]
[BlackElo "2778"]
[TimeControl "180+1"]
[EndTime "8:17:18 PDT"]
[Termination "DmitryMaximov won by resignation"]

1. d4 Nf6 2. c4 g6 3. Nc3 Bg7 4.
e4 O-O 5. Nge2 d6 6. Ng3 c5 7. d5 e6 8. Be2 exd5 9. cxd5 h5 10. Bg5 a6 11. a4 Qb6 12. Qd2 Nh7 13. Be3 h4 14. Nf1 f5 15. a5 Qd8 16. f3 Nd7 17.
Bf4 Ne5 18. Ne3 fxe4 19. Bxe5 Bxe5 20. Nxe4 Ng5 21. Nc4 Nxe4 22. fxe4 Bf4 23. Qc3 Bh6 24. Rf1 Rxf1+ 25. Kxf1 Bd7 26. Kg1 Qe7 27. Bf3 Rf8 28.
Re1 h3 29. e5 hxg2 30. Bxg2 Qh4 31. Rf1 Rxf1+ 32. Kxf1 Bb5 33. b3 Qxh2 34. exd6 Qxd6 35. Qh3 Qf4+ 36. Kg1 Qd4+ 37. Kh1 Qd1+ 38. Bf1 Qxd5+ 39. Bg2 Qd1+ 40. Kh2 Bf4+ 0-1

[Event "Early-Titled-Tuesday-Blitz-June-18-2024"]
[Site "Chess.com"]
[Date "2024.06.18"]
[Round "2"]
[White "Alphafischer2019"]
[Black "PLAYER_2006_M"]
[Result "0-1"]
[WhiteElo "2633"]
[BlackElo "2951"]
[TimeControl "180+1"]
[EndTime "8:17:19 PDT"]
[Termination "PLAYER_2006_M won by checkmate"]

1. Nf3 Nf6 2. b3 g6 3. Bb2 Bg7 4. g3 d6 5. c4 e5 6. d3 O-O 7. Bg2 Re8 8. O-O a5 9. Nc3 c6 10. Rc1 h6 11. a3 Na6 12. Nb1 g5 13. Nbd2 Bf5 14. Bc3 Nc5 15. b4 axb4 16. axb4 Ne6 17. e4 Bg6 18. Qb3 b5 19. Rfe1 Kh7 20. d4 bxc4 21. Qxc4 d5 22. exd5 cxd5 23. Qb3 exd4 24.
Nxd4 Qb6 25. Nxe6 fxe6 26. Nf3 Ne4 27. Bxg7 Qxf2+ 28. Kh1 Ra2 29. Rg1 Qa7 30. Rgf1 Kxg7 31. Ne5 Nf2+ 32. Rxf2 Qxf2 33. Qc3 Qxg2# 0-1

[Event "Early-Titled-Tuesday-Blitz-June-18-2024"]
[Site "Chess.com"]
[Date "2024.06.18"]
[Round "2"]
[White "Shivananda1964"]
[Black "Mikhail_Bryakin"]
[Result "0-1"]
[WhiteElo "2392"]
[BlackElo "2743"]
[TimeControl "180+1"]
[EndTime "8:17:19 PDT"]
[Termination "Mikhail_Bryakin won on time"]

1. e4 Nf6 2. e5 Nd5 3. c4 Nb6 4.
c5 Nd5 5. Bc4 e6 6. d4 d6 7.
cxd6 cxd6 8. Nf3 Nc6 9. Qe2 Nb6 10. Bb3 dxe5 11. dxe5 Bd7 12. O-O h6 13. Nc3 Be7 14.
Rd1 Na5 15. Bc2 Qc7 16. Nb5 Bxb5 17. Qxb5+ Qc6 18. Qxa5 Qxc2 19. Qb5+ Qc6 20. Qxc6+ bxc6 21. b3 Nd5 22. Bb2 Kd7 23. Rac1 a5 24. Nd4 Rhc8 25. Rc4 a4 26. bxa4 Rcb8 27. Rd2 Rb4 28. Rxb4 Bxb4 29.
Rc2 c5 30. Nb3 Rxa4 31. Nxc5+ Bxc5 32. Rxc5 Rxa2 33. Bc1 Re2 34. Kf1 Rxe5 35. h4 h5 36. g3 g6 37. Kg2 Re4 38. Kf3 Rb4 39. Bd2 Rb3+ 0-1

[Event "Early-Titled-Tuesday-Blitz-June-18-2024"]
[Site "Chess.com"]
[Date "2024.06.18"]
[Round "2"]
[White "Savagelittlemole"]
[Black "ChessboArt"]
[Result "1-0"]
[WhiteElo "2492"]
[BlackElo "2229"]
[TimeControl "180+1"]
[EndTime "8:17:20 PDT"]
[Termination "Savagelittlemole won on time"]

1. d4 Nf6 2. Bg5 Ne4 3. Bf4 c5 4. Nd2 Nxd2 5. Qxd2 cxd4 6. Nf3 Nc6 7. Nxd4 Nxd4 8. Qxd4 d6 9. Bd2 Qc7 10. e4 a6 11. Bc4 b5 12. Qd5 Qxc4 13. Qxa8 g6 14.
Bc3 e5 15. Qd5 Qc7 16. O-O Be6 17. Qd2 Be7 18. f4 f6 19. fxe5 dxe5 20. Bb4 O-O 21. Bxe7 Qxe7 22. Rad1 Rc8 23. c3 Bc4 24. Rf2 Bxa2 25.
Qd6 1-0

[Event "Early-Titled-Tuesday-Blitz-June-18-2024"]
[Site "Chess.com"]
[Date "2024.06.18"]
[Round "2"]
[White "NovozhilovSemen"]
[Black "crescentmoon2411"]
[Result "1-0"]
[WhiteElo "2630"]
[BlackElo "2864"]
[TimeControl "180+1"]
[EndTime "8:17:23 PDT"]
[Termination "NovozhilovSemen won on time"]

1. d4 d5 2. c4 c6 3. Nf3 Nf6 4. e3 a6 5. Nc3 e6 6. a3 Nbd7 7.
cxd5 exd5 8. Ne5 Bd6 9. f4 O-O 10. Bd3 Re8 11. O-O c5 12. Qf3 Nf8 13. g4 cxd4 14.
exd4 Qb6 15. Be3 Qxb2 16. Nxd5 Nxd5 17. Qxd5 Bxe5 18. fxe5 Be6 19. Qf3 Rad8 20. Be4 Rxd4 21. Rab1 Qc3 22. Bxd4 Qxd4+ 23. Kh1 b5 24. Rfe1 Bc4 25.
Rbd1 Qc5 26. Bd5 Ne6 27. Bxc4 bxc4 28. Rf1 Rf8 29. Qd5 1-0

[Event "Early-Titled-Tuesday-Blitz-June-18-2024"]
[Site "Chess.com"]
[Date "2024.06.18"]
[Round "2"]
[White "CrushingKings"]
[Black "i_like_explosions"]
[Result "0-1"]
[WhiteElo "2631"]
[BlackElo "2426"]
[TimeControl "180+1"]
[EndTime "8:17:23 PDT"]
[Termination "i_like_explosions won by resignation"]

1. Nf3 Nf6 2. g3 g6 3. b3 Bg7 4.
Bb2 d6 5. d4 O-O 6. Bg2 c6 7.
O-O Nbd7 8. c4 Qc7 9. Nc3 e5 10. dxe5 Nxe5 11. Qc2 Re8 12. Rad1 Bf5 13. Qd2 Rad8 14.
Nd4 Bc8 15. e4 a6 16. h3 b5 17. f4 Ned7 18. e5 dxe5 19. Nxc6 exf4 20. Nxd8 Rxd8 21.
Nd5 Nxd5 22. Bxg7 Kxg7 23. Qxd5 Re8 24. Rxf4 Ne5 25. c5 Be6 26. Qd6 Rc8 27. b4 Bxa2 28.
Qxa6 Bc4 29. Rd6 Nd3 30. Rfd4 Nxb4 31. Qa1 Qxc5 32. Kh2 Qe5 33. Qa7 Nc2 34. Rd2 Ne3 35.
Bb7 Nf1+ 0-1

[Event "Early-Titled-Tuesday-Blitz-June-18-2024"]
[Site "Chess.com"]
[Date "2024.06.18"]
[Round "2"]
[White "mostafa_sakha"]
[Black "Lucky_Puncher"]
[Result "0-1"]
[WhiteElo "2376"]
[BlackElo "2605"]
[TimeControl "180+1"]
[EndTime "8:17:24 PDT"]
[Termination "Lucky_Puncher won by resignation"]

1. d4 Nf6 2. c4 e6 3. Nc3 Bb4 4.
e3 O-O 5. Bd3 Re8 6. Nf3 d5 7.
O-O Bf8 8. e4 dxc4 9. Bxc4 a6 10. a4 c5 11. d5 exd5 12. exd5 Bg4 13. h3 Bh5 14. Bg5 h6 15. Bh4 Nbd7 16. g4 Bg6 17. d6 Qb6 18. Bg3 Qxb2 19. Nd5 Nxd5 20. Bxd5 Rab8 21.
Nh4 Bh7 22. Bxf7+ Kxf7 23. Qd5+ Re6 24. Rae1 Re8 25. Rxe6 Rxe6 26. Re1 Qf6 27. Nf5 Bg8 28. Bh4 g5 29. Bg3 Kg6 30. Qd3 Rxe1+ 31. Kg2 Kf7 32. Qd5+ Qe6 33. Qxb7 Qe4+ 34. Qxe4 Rxe4 0-1

[Event "Early-Titled-Tuesday-Blitz-June-18-2024"]
[Site "Chess.com"]
[Date "2024.06.18"]
[Round "2"]
[White "blitzking1729"]
[Black "Predatoru"]
[Result "1-0"]
[WhiteElo "2829"]
[BlackElo "2571"]
[TimeControl "180+1"]
[EndTime "8:17:27 PDT"]
[Termination "blitzking1729 won by resignation"]

1. Nf3 d5 2. d4 e6 3. g3 b5 4.
Bg2 Bb7 5. O-O Nf6 6. a4 b4 7.
c4 bxc3 8. Nxc3 Nbd7 9. a5 Ba6 10. Bf4 c5 11. Re1 cxd4 12. Nxd4 Rc8 13. e4 dxe4 14.
Nxe4 Nxe4 15. Bxe4 Bc5 16. Nxe6 fxe6 17. Qh5+ Kf8 18.
Rad1 Qe7 19. Qf3 Nf6 20. Bf5 Bb7 21. Qb3 Bd5 22. Rxd5 Nxd5 23. Rxe6 Bxf2+ 24. Kf1 Nxf4 25. Rxe7 Rc1+ 26. Kxf2 Kxe7 27. gxf4 Rd8 28. Qe3+ Kf6 1-0

[Event "Early-Titled-Tuesday-Blitz-June-18-2024"]
[Site "Chess.com"]
[Date "2024.06.18"]
[Round "2"]
[White "lluiss"]
[Black "KoshkaMatrioshka"]
[Result "0-1"]
[WhiteElo "2266"]
[BlackElo "2600"]
[TimeControl "180+1"]
[EndTime "8:17:27 PDT"]
[Termination "KoshkaMatrioshka won by resignation"]

1. Nf3 d5 2. d4 h6 3. c4 e6 4.
cxd5 exd5 5. Nc3 Nf6 6. Bf4 Bd6 7. Bxd6 Qxd6 8. e3 O-O 9. h3 Nc6 10. Be2 Nd8 11. O-O Bf5 12. Ne5 c6 13. Bd3 Bxd3 14. Nxd3 Ne6 15. Rc1 Rfe8 16. a3 Rad8 17. Na4 Re7 18.
b4 a6 19. Nac5 Ne4 20. Nxe4 dxe4 21. Nc5 Nxc5 22. bxc5 Qe6 23. Qg4 f5 24. Qh5 Kh7 25. f4 exf3 26. Rxf3 g6 27. Qh4 Rde8 28. Rcf1 Qd5 29. g4 Rxe3 30. Rxe3 Qxd4 31. Qf2 Rxe3 32. gxf5 Rg3+ 33. Kh2 Qxf2+ 34. Rxf2 Rxa3 35. fxg6+ Kxg6 36. Rb2 Ra5 37. Rxb7 Rxc5 38. Rb6 a5 39. Ra6 h5 40. Kg3 Kf5 41. Ra8 Ke4 42. Rd8 a4 43. Kf2 Ra5 0-1

[Event "Early-Titled-Tuesday-Blitz-June-18-2024"]
[Site "Chess.com"]
[Date "2024.06.18"]
[Round "2"]
[White "mortngabriel"]
[Black "rupeshjswl7"]
[Result "0-1"]
[WhiteElo "2521"]
[BlackElo "2390"]
[TimeControl "180+1"]
[EndTime "8:17:29 PDT"]
[Termination "rupeshjswl7 won on time"]

1. e4 c5 2. Nf3 d6 3. Bb5+ Nd7 4. Ba4 Nf6 5. Qe2 a6 6. c4 e5 7. O-O Be7 8. Nc3 O-O 9. d3 h6 10. Rb1 Nb8 11. h3 Bd7 12. Bxd7 Qxd7 13. a3 b5 14. b4 bxc4 15. dxc4 Nc6 16. Nd5 Nxd5 17. cxd5 Nd4 18. Nxd4 cxd4 19. Bd2 Qb5 20. Qg4 Kh7 21.
Rb3 f5 22. exf5 Qxd5 23. Qg6+ Kh8 24. Bxh6 Qf7 0-1

[Event "Early-Titled-Tuesday-Blitz-June-18-2024"]
[Site "Chess.com"]
[Date "2024.06.18"]
[Round "2"]
[White "IndianSchoolOfSuffering"]
[Black "FishThatRoared"]
[Result "1-0"]
[WhiteElo "2504"]
[BlackElo "2253"]
[TimeControl "180+1"]
[EndTime "8:17:29 PDT"]
[Termination "IndianSchoolOfSuffering won on time"]

1. e4 c5 2. Nf3 d6 3. d4 cxd4 4. Nxd4 Nf6 5. Nc3 a6 6. Be3 e6 7. g4 b5 8. g5 Nfd7 9. h4 Bb7 10.
a3 Be7 11. Bh3 Ne5 12. Rg1 Qc8 13. h5 Nbd7 14. Bxe6 fxe6 15. Nxe6 Rg8 16. Nd5 Bd8 17. f4 Nc4 18. Bd4 Bxd5 19. exd5 Qb7 20. Nxg7+ Rxg7 21. Bxg7 Kf7 22. Bc3 Bb6 23. g6+ Kf8 24. gxh7 Re8+ 25. Be5 Bxg1 26. h8=Q+ Ke7 27. Qg7+ Kd8 28. Qdg4 Ndxe5 29.
Q4g5+ Kc8 30. Qxb7+ Kxb7 31. O-O-O Be3+ 32. Kb1 Nd7 33. h6 1-0